AoeStats
← jphilkill

Nomad

509854743Analyzed
4v4 RM · 3d ago on Sep 28, 2026· 53m 26s· 8 players
Game mode
Random Map
Map size
231×231
Population
200
Speed
Normal
Resources
Standard
Victory
Conquest
Starting age
Dark Age
Ending age
Imperial Age
RankedLock teamsTeams togetherTeam positionsShared explorationLock speedFull tech treeHidden civsTurbo modeCheats
Victory
Defeat
🇯🇵 Maya · Japan
1089
+14
🇯🇵 Persians · Japan
1089
+14
🇮🇳 Byzantines · India
1015
+17
🇨🇳 Spanish · China
974
+20
🇨🇳 Franks · China
1109
-19
🇹🇼 Celts · Taiwan
1103
-19
🇦🇺 Ethiopians · Australia
1010
-15
🇩🇪 Huns · Germany
950
-12
SgtNinja
7:41 Loom
17:23 Feudal Age
37:57 Castle Age
41:17 Husbandry
44:35 Scale Barding Armor
44:41 Forging
45:57 Chain Barding Armor
pivo
3:20 Loom
14:04 Feudal Age
19:32 Castle Age
17:51 Double-Bit Axe
19:40 Wheelbarrow
20:46 Bow Saw
21:29 Fletching
23:56 Bodkin Arrow
25:32 Padded Archer Armor
25:20 Horse Collar
26:42 Ballistics
26:22 Gold Mining
27:22 Pikeman
28:02 Squires
34:33 Imperial Age
32:56 Scale Mail Armor
33:06 Forging
33:05 Town Watch
34:21 Chain Mail Armor
35:44 Iron Casting
37:57 Bracer
40:35 Elite Plumed Archer
41:36 Conscription
40:48 Halberdier
43:35 Plate Mail Armor
43:20 Leather Archer Armor
45:04 Two-Man Saw
46:37 Blast Furnace
46:08 Ring Archer Armor
49:54 Chemistry
yama_neko_koneko
4:14 Loom
12:23 Feudal Age
18:08 Castle Age
18:15 Scale Barding Armor
18:22 Bloodlines
19:17 Double-Bit Axe
19:55 Fishing Lines
21:26 Forging
22:43 Horse Collar
23:34 Bow Saw
23:34 Town Watch
24:25 Wheelbarrow
25:02 Chain Barding Armor
25:19 Iron Casting
26:16 Heavy Plow
33:16 Hand Cart
32:55 Gold Mining
32:56 Stone Mining
39:58 Imperial Age
42:06 Conscription
42:23 Plate Barding Armor
42:22 Husbandry
41:43 Light Cavalry
44:20 Cavalier
44:21 Hussar
46:16 Blast Furnace
45:25 Savar
47:16 Two-Man Saw
46:13 Fletching
47:47 Citadels
48:14 Hoardings
51:34 Bodkin Arrow
tudouyayu
5:11 Loom
17:49 Feudal Age
22:29 Castle Age
21:00 Double-Bit Axe
21:23 Gold Mining
22:03 Horse Collar
22:17 Stone Mining
22:44 Fletching
30:42 Wheelbarrow
32:49 Town Watch
35:16 Bodkin Arrow
40:59 Murder Holes
46:32 Imperial Age
43:55 Pikeman
45:13 Scale Mail Armor
46:09 Forging
47:37 Conscription
48:28 Squires
47:53 Man-at-Arms
50:03 Bloodlines
52:00 Halberdier
52:57 Chain Mail Armor
52:38 Long Swordsman
嬴政1号
13:37 Feudal Age
21:25 Castle Age
19:19 Double-Bit Axe
23:31 Husbandry
26:05 Gold Mining
26:06 Stone Mining
26:32 Bow Saw
27:11 Scale Barding Armor
27:17 Forging
28:04 Loom
31:27 Wheelbarrow
34:38 Hand Cart
35:31 Gold Shaft Mining
37:05 Chain Barding Armor
37:21 Iron Casting
40:26 Imperial Age
41:52 Cavalier
50:31 Paladin
s6021430
6:58 Loom
15:53 Feudal Age
16:22 Double-Bit Axe
18:38 Wheelbarrow
17:45 Horse Collar
24:30 Castle Age
22:56 Gold Mining
25:28 Bow Saw
25:57 Gold Shaft Mining
36:57 Hand Cart
jphilkill
4:04 Loom
17:00 Feudal Age
18:06 Double-Bit Axe
20:19 Wheelbarrow
20:27 Gold Mining
23:10 Castle Age
21:37 Stone Mining
22:31 Forging
24:09 Medium Warships
26:11 Scale Barding Armor
26:47 Fletching
28:14 Gold Shaft Mining
32:20 Husbandry
32:26 Pikeman
domiknocker
5:44 Loom
17:57 Feudal Age
27:33 Gold Mining
29:46 Castle Age
28:49 Fletching
30:06 Scale Mail Armor
31:12 Squires
31:46 Chain Mail Armor
36:07 Horse Collar
37:38 Arson
39:13 Forging
43:14 Iron Casting
44:40 Wheelbarrow
46:25 Heavy Plow
52:57 Imperial Age
56:32 Imperial Age
Connection lost

Rejoining the realm…

Still unreachable

The connection could not be restored.

Session expired

The server has moved on; the page needs a fresh start.